 Dungeon Crawl Stone Soup version 0.22-a0-247-gbddf880 (webtiles) character file.

1470 Serpenta the Covert (level 8, -5/46 HPs)
             Began as an Octopode Ice Elementalist on Feb 25, 2018.
             Was a Believer of Dithmenos.
             Slain by an orc warrior
             ... wielding a +0 flail
              (12 damage)
             ... on level 9 of the Dungeon.
             The game lasted 00:15:22 (6093 turns).

Serpenta the Covert (Octopode Ice Elementalist)     Turns: 6093, Time: 00:15:23

Health: -5/46      AC:  1    Str:  7    XL:     8   Next: 78%
Magic:  5/11       EV: 22    Int: 22    God:    Dithmenos [**....]
Gold:   137        SH:  0    Dex: 20    Spells: 1/11 levels left

rFire    . . .     SeeInvis .   f - +0 dagger
rCold    . . .     Gourm    .   (no shield)
rNeg     . . .     Faith    .   (helmet restricted)
rPois    +         Spirit   .   (no amulet)
rElec    .         Reflect  .   l - ring of protection from magic
rCorr    .         Harm     .   s - ring of poison resistance
MR       +....                  (no ring)
Stlth    +++++++++.             (no ring)
HPRegen  0.15/turn              (no ring)
MPRegen  0.12/turn              (no ring)
                                (no ring)
                                (no ring)

@: brilliant, agile, hasted, wreathed by umbra, very quick
A: almost no armour, stealthy swim, amphibious, 8 rings, constrict 8, camouflage
1, gelatinous body 1
a: Shadow Step, Renounce Religion


You were on level 9 of the Dungeon.
You worshipped Dithmenos.
Dithmenos was pleased with you.
You were not hungry.

You visited 2 branches of the dungeon, and saw 9 of its levels.

You collected 231 gold pieces.
You spent 94 gold pieces at shops.


Innate Abilities, Weirdness & Mutations

You cannot wear most types of armour.
You are very stealthy in the water. (Stealth+)
You are amphibious.
You can wear up to eight rings at the same time.
You can use your tentacles to constrict eight enemies at once.
Your skin changes colour to match your surroundings (Stealth+).
Your rubbery body absorbs attacks. (AC +1, EV +1)


   Skills:
 + Level 5.4 Dodging
 + Level 10.0 Stealth
 - Level 2.0 Spellcasting
 - Level 1.0 Conjurations
 - Level 7.0 Ice Magic


You had one spell level left.
You knew the following spells:

 Your Spells              Type           Power        Failure   Level  Hunger
o - Ozocubu's Armour      Chrm/Ice       ####....     1%          3    ###....
A - Freeze                Ice            ####         1%          1    #......
B - Throw Frost           Conj/Ice       ####..       1%          2    ##.....
C - Throw Icicle          Conj/Ice       ####....     3%          4    #####..

Action                   |  1- 3 |  4- 6 |  7- 9 || total
-------------------------+-------+-------+-------++-------
Melee: Unarmed           |     3 |       |       ||     3
       Constrict         |     8 |    11 |     8 ||    27
       Short sword       |     9 |       |       ||     9
       Tentacles         |     2 |     9 |     6 ||    17
       Dagger            |    10 |    45 |    41 ||    96
 Cast: Freeze            |    54 |    55 |    73 ||   182
       Throw Frost       |       |     6 |     5 ||    11
       Ozocubu's Armour  |       |     1 |     2 ||     3
Evoke: Wand              |       |       |     5 ||     5
  Use: Scroll            |     1 |     6 |     9 ||    16
       Potion            |       |     1 |     7 ||     8
 Stab: Sleeping          |     8 |    15 |    16 ||    39
       Distracted        |       |     1 |       ||     1
  Eat: Chunk             |     2 |     5 |     3 ||    10
       Ration            |       |     1 |     2 ||     3
Armor: Skin              |     6 |     5 |       ||    11
Dodge: Dodged            |    36 |    44 |    80 ||   160

Inventory:

Hand Weapons
 f - a +0 dagger (weapon)
Missiles
 b - 9 tomahawks (quivered)
 q - 2 javelins
Jewellery
 l - a ring of protection from magic (left tentacle)
 s - a ring of poison resistance (right tentacle)
Wands
 m - a wand of disintegration (6)
Scrolls
 d - 2 scrolls of teleportation
 e - a scroll of enchant armour
 g - 3 scrolls of identify
 u - a scroll of magic mapping
Potions
 k - a potion of flight
 n - a potion of curing
 p - a potion of haste
Comestibles
 a - 6 rations
 c - a chunk of flesh {@w1}

#......
#.....
#....#
#....##
#.....+
#..<..#
#..)..#
#..).)#
#..)@.#
#....o#
#######


You could see an orc warrior.

Vanquished Creatures
  A sky beast (D:5)
  An ice beast (D:6)
  A centaur (D:5)
  2 ogres
  A bullfrog (D:6)
  2 scorpions (D:4)
  2 killer bees
  2 crimson imps
  A jelly (D:8)
  A centaur skeleton (D:5)
  A hound (D:5)
  4 orc priests
  7 orc wizards
  An iguana (D:3)
  3 worker ants (D:4)
  A hound skeleton (D:3)
  7 adders
  2 oozes
  An adder zombie (D:6)
  2 worms (D:2)
  A dart slug (D:1)
  4 leopard geckos
  18 orcs
  5 ball pythons
  2 giant cockroaches
  10 goblins
  10 hobgoblins
  17 jackals
  5 kobolds
  2 quokkas (D:2)
  9 bats
  5 frilled lizards
  A jackal skeleton (D:4)
  11 rats
143 creatures vanquished.

Vault maps used:
D:1:      minmay_arrival_glassed_features
D:2:      overflow_temple_1_default, first_ration, nemelex_dance_club_becter
D:3:      lemuel_doored_altar
D:4:      serial_shops, shop
D:5:      minmay_temple_entry_trees, serial_shops,
          nicolae_shop_competitors_out_of_business, st_stairs_7
D:8:      serial_shops, shop, enter_ossuary_1, hangedman_little_slice_of_home,
          uniq_joseph
D:9:      nicolae_overflow_quartered_altars
Temple:   nicolae_temple_elliptical


Message History

Aim: a killer bee (almost dead, umbra)
You freeze the killer bee.
You kill the killer bee!
Dithmenos accepts your kill.
The helpless orc priest fails to defend itself.
You stick the orc priest like a pincushion!!!
You kill the orc priest!
Dithmenos accepts your kill.
The helpless orc priest fails to defend itself.
You stick the orc priest like a pincushion!!!
You kill the orc priest!
Dithmenos accepts your kill.
Your Stealth skill increases to level 10!
The helpless orc warrior fails to defend itself.
You impale the orc warrior!! You grab the orc warrior.
You squeeze the orc warrior, but do no damage.
The orc warrior is almost dead.
You constrict the orc warrior, but do no damage.
The orc warrior hits you with a flail!
You die...

Notes
Turn   | Place    | Note
-------+----------+-------------------------------------------
     0 | D:1      | Serpenta the Octopode Ice Elementalist began the quest for the Orb.
     0 | D:1      | Reached XP level 1. HP: 11/11 MP: 3/3
    74 | D:1      | Reached skill level 3 in Stealth
   143 | D:1      | Reached XP level 2. HP: 17/17 MP: 3/5
   504 | D:1      | Reached XP level 3. HP: 21/21 MP: 6/6
   607 | D:1      | Reached skill level 4 in Stealth
  1159 | D:2      | Found a shadowy altar of Dithmenos.
  1178 | D:2      | Became a worshipper of Dithmenos the Shadowed
  1341 | D:2      | Reached XP level 4. HP: 14/27 MP: 3/7
  1537 | D:2      | Found a sparkling altar of Nemelex Xobeh.
  1644 | D:2      | Learned a level 2 spell: Throw Frost
  1648 | D:2      | Learned a level 3 spell: Ozocubu's Armour
  1696 | D:3      | Reached skill level 5 in Stealth
  2279 | D:3      | Reached * piety under Dithmenos
  2373 | D:3      | Reached XP level 5. HP: 22/31 MP: 2/8
  2578 | D:3      | Found a blossoming altar of Fedhas.
  2700 | D:4      | Reached skill level 6 in Stealth
  3072 | D:4      | Noticed an ogre
  3081 | D:4      | Killed an ogre
  3081 | D:4      | Reached skill level 5 in Ice Magic
  3081 | D:4      | Reached XP level 6. HP: 12/36 MP: 1/9
  3515 | D:4      | Reached skill level 7 in Stealth
  3716 | D:4      | Reached XP level 7. HP: 39/41 MP: 2/10
  3722 | D:4      | Learned a level 4 spell: Throw Icicle
  3800 | D:4      | Found Geehiz's General Store.
  3806 | D:4      | Bought a potion of degeneration for 14 gold pieces
  3954 | D:5      | Entered Level 5 of the Dungeon
  3968 | D:5      | Found a staircase to the Ecumenical Temple.
  4356 | D:5      | Found Boneomp's Distillery.
  4364 | D:5      | Bought a potion of agility for 40 gold pieces
  4364 | D:5      | Bought a potion of brilliance for 40 gold pieces
  4455 | D:5      | Reached skill level 8 in Stealth
  4578 | D:5      | Reached ** piety under Dithmenos
  4995 | D:5      | Reached XP level 8. HP: 22/46 MP: 1/11
  5017 | Temple   | Entered the Ecumenical Temple
  5931 | D:6      | Reached skill level 9 in Stealth
  5994 | D:6      | You fall through a shaft for 2 floors!
  5999 | D:8      | Reached skill level 5 in Dodging
  6004 | D:8      | Noticed a hippogriff
  6091 | D:9      | Reached skill level 10 in Stealth
  6093 | D:9      | Slain by an orc warrior
